 Dungeon Crawl Stone Soup version 0.28-a0-268-g3f656e82c2 (webtiles) character file.

Game seed: 16550602479848695842

6536 McIrco the Blocker (level 10, -2/88 (91) HPs)
             Began as a Minotaur Fighter on Aug 28, 2021.
             Was an Initiate of Gozag.
             Slain by a troll (5 damage)
             ... on level 9 of the Dungeon.
             The game lasted 00:14:30 (12159 turns).

McIrco the Blocker (Minotaur Fighter)              Turns: 12159, Time: 00:14:31

HP:   -2/88 (91)    AC: 16    Str: 23    XL:     10   Next: 69%
MP:   0/9           EV:  6    Int:  5    God:    Gozag
Gold: 1187          SH: 20    Dex: 11    Spells: 9/9 levels left

rFire   . . .      SeeInvis +   F - +1 broad axe (venom)
rCold   . . .      Faith    .   w - +3 tower shield
rNeg    . . .      Spirit   +   E - +0 plate armour
rPois   .          Reflect  .   (helmet restricted)
rElec   .          Harm     .   f - +0 cloak
rCorr   .          Rampage  .   (no gloves)
Will    .....                   (no boots)
Stlth   ..........              m - amulet of guardian spirit
HPRegen 0.24/turn               H - ring of see invisible
MPRegen 0.11/turn               (no ring)

@: gold aura, lightly drained
A: horns 2, retaliatory headbutt
a: Renounce Religion, Potion Petition, Call Merchant, Bribe Branch


You were on level 9 of the Dungeon.
You worshipped Gozag.
Gozag was most pleased with you.
You visited 3 branches of the dungeon, and saw 12 of its levels.

You collected 1287 gold pieces.
You paid 100 gold pieces to Gozag.

Inventory:

Hand Weapons
 t - a +0 vorpal spear
 y - a +5 trident of venom
 C - a +2 spear of flaming
 F - a +1 broad axe of venom (weapon)
Missiles
 B - a throwing net (quivered)
Armour
 f - a +0 cloak (worn)
 w - a +3 tower shield (worn)
 E - a +0 plate armour (worn)
Jewellery
 m - an amulet of guardian spirit (around neck)
 o - a ring of fire
 q - a ring of fire
 H - a ring of see invisible (left hand)
Wands
 g - a wand of flame (14)
 l - a wand of acid (4)
 A - a wand of digging (6)
 D - a wand of iceblast (3)
Scrolls
 d - 3 scrolls of teleportation
 h - a scroll of identify
 j - a scroll of blinking
 n - 2 scrolls of enchant weapon
 p - 3 scrolls of immolation
 u - a scroll of enchant armour
 G - a scroll of noise
Potions
 e - 2 potions of flight
 i - 3 potions of haste
 k - 2 potions of ambrosia
 r - 3 potions of curing
 s - a potion of lignification
 v - a potion of resistance
 x - 2 potions of brilliance
 z - a potion of mutation {unknown}


   Skills:
 + Level 9.1 Fighting
 - Level 2.4 Axes
 + Level 10.9 Armour
 + Level 3.5 Dodging
 * Level 13.5 Shields


You had 9 spell levels left.
You didn't know any spells.
Your spell library contained the following spells:

 Spells                   Type           Power      Damage    Failure   Level
 Animate Skeleton         Necr           0%         N/A       100%        1
 Apportation              Tloc           0%         N/A       100%        1
 Pain                     Necr           0%         1d4       100%        1
 Summon Small Mammal      Summ           0%         N/A       100%        1
 Vampiric Draining        Necr           0%         2d6       100%        3


Dungeon Overview and Level Annotations

Branches:
Dungeon (10/15)            Temple (1/1) D:4             Orc (1/2) D:9
   Lair: D:8-11

Altars:
Ashenzari
Cheibriados
Dithmenos
Elyvilon
Fedhas
Gozag
Hepliaklqana
Kikubaaqudgha
Makhleb
Nemelex Xobeh
Okawaru
Qazlal
Ru
Trog
Uskayaw
Vehumet
Wu Jian
Xom
Yredelemnul
Zin
The Shining One

Shops:
D:7 (

Annotations:
D:3 Pikel


Innate Abilities, Weirdness & Mutations

You have a pair of horns on your head.
You reflexively headbutt those who attack you in melee.


Message History

You are too injured to fight recklessly!
You are too injured to fight recklessly!
Unknown command.
The orc priest hits you with a +0 flail.
You block the orc warrior's attack. The troll completely misses you.
You furiously retaliate!
You headbutt the troll. The troll claws you!
The troll claws you but does no damage.
You climb upwards.
Welcome back to the Dungeon!
There is a staircase to the Orcish Mines here.
You closely miss the troll.
The troll is lightly wounded.
You hit the orc priest.
The orc priest looks as sick as possible!
You block the orc priest's attack.
The troll is distracted by your dazzling golden aura.
The orc priest looks satisfied for a moment.
The troll shouts!
Unknown command.
You closely miss the troll.
The troll is no longer distracted by gold.
You headbutt the troll!
The troll is moderately wounded.
You closely miss the orc priest.
The orc priest invokes the aid of Beogh against you.
Beogh smites you!
* * * LOW HITPOINT WARNING * * *
You block the troll's attack. x3
The orc priest casts a cantrip, but nothing happens.
Unknown command.
You hit the troll.
The troll is poisoned.
The troll is moderately wounded.
You closely miss the orc priest.
You kill the orc priest!
The troll bites you!
* * * LOW HITPOINT WARNING * * *
You block the troll's attack. x2; The troll bites you!
* * * LOW HITPOINT WARNING * * *
The troll claws you.
You die...
Your body crumbles into a pile of gold.

#.# #.# #.# #.# #.# #.#
#.# #.##### #.# #.#
#.....# #.# #.# #.###.#
#.# #.# #.# #)####### #.#
#.###.# #[#8.).8# #.#
#.#...# #[#.....# #.#
#.#...###.'[.@..# #<#
####.......#.#.$T..#####.#
.......#...#.#8...8#.....#
...........#.#############
######...#...# #...#####
#####


You could see a troll (very poisoned).

Vanquished Creatures
  A cyclops (D:9)
  2 trolls (D:9)
  4 yaks (D:9)
  A wyvern (D:9)
  2 humans (D:7)
  3 vampire mosquitoes (D:8)
  Menkaure (D:7)
  A steam dragon (D:6)
  A water moccasin (D:7)
  An ice beast (D:6)
  A necrophage (D:6)
  3 orc warriors (D:9)
  A sky beast (D:8)
  A black bear (D:7)
  8 ogres
  4 centaurs
  4 kobold brigands
  4 lemures (D:4)
  5 phantoms
  4 gnoll sergeants (D:9)
  2 bullfrogs
  A water moccasin zombie (D:6)
  A wyvern zombie (D:7)
  3 scorpions
  A wyvern skeleton (D:7)
  3 wights (D:9)
  A howler monkey (D:6)
  A hound (D:6)
  2 jellies
  4 orc priests
  2 gnoll shamans
  Jessica (D:2)
  Natasha (thrice) (D:2)
  An iguana (D:4)
  4 orc wizards
  28 gnolls
  2 adders
  A white imp (D:7)
  2 worms
  The ghost of anet the Covert, a weakling GnDe (D:5)
  4 dart slugs
  26 orcs
  2 ball pythons
  3 endoplasms
  A giant cockroach (D:3)
  6 goblins
  6 hobgoblins
  4 jackals (D:1)
  A quokka (D:4)
  3 training dummies (D:7)
  3 bats
  2 frilled lizards (D:1)
  12 kobolds
  4 rats
193 creatures vanquished.

Vanquished Creatures (others)
  2 withered plants (D:5)
2 creatures vanquished.

Grand Total: 195 creatures vanquished

Notes
Turn   | Place    | Note
-------+----------+-------------------------------------------
     0 | D:1      | McIrco the Minotaur Fighter began the quest for the Orb.
     0 | D:1      | Reached XP level 1. HP: 19/19 MP: 0/0
   117 | D:1      | Reached XP level 2. HP: 24/27 MP: 1/1
   184 | D:1      | Found a faded altar of an unknown god.
   481 | D:1      | Reached skill level 4 in Shields
   907 | D:2      | Noticed Natasha
   914 | D:2      | Reached XP level 3. HP: 23/33 MP: 2/2
   919 | D:2      | Killed Natasha
   920 | D:2      | Reached XP level 4. HP: 26/41 MP: 3/3
  1199 | D:2      | Noticed Jessica
  1202 | D:2      | Reached skill level 5 in Armour
  1203 | D:2      | Killed Jessica
  1204 | D:2      | Reached skill level 5 in Shields
  1204 | D:2      | Reached XP level 5. HP: 46/47 MP: 4/4
  1206 | D:2      | Noticed Natasha
  1216 | D:2      | Killed Natasha
  1419 | D:2      | Reached skill level 5 in Fighting
  1598 | D:2      | Noticed Natasha
  1607 | D:2      | Killed Natasha
  1890 | D:3      | Reached XP level 6. HP: 56/56 MP: 5/5
  2121 | D:3      | Found a shimmering altar of Xom.
  2123 | D:3      | Found a bloodstained altar of Trog.
  2123 | D:3      | Found a white marble altar of Elyvilon.
  2149 | D:3      | Found a shimmering blue altar of Sif Muna.
  2149 | D:3      | Found an opulent altar of Gozag.
  2149 | D:3      | Found a hazy altar of Hepliaklqana.
  2254 | D:3      | Found a glowing golden altar of the Shining One.
  2585 | D:4      | Found a snail-covered altar of Cheibriados.
  2665 | D:4      | Found a burning altar of Makhleb.
  2772 | D:4      | Noticed Pikel
  3487 | D:4      | Found a staircase to the Ecumenical Temple.
  3661 | D:4      | Found a hide-covered altar of Uskayaw.
  3678 | Temple   | Entered the Ecumenical Temple
  3975 | D:4      | Reached skill level 6 in Shields
  4234 | D:5      | Entered Level 5 of the Dungeon
  4248 | D:5      | Reached XP level 7. HP: 60/62 MP: 6/6
  5331 | D:5      | Found a runed translucent door.
  5508 | D:5      | Noticed anet's ghost (weakling GnDe)
  5539 | D:5      | Reached skill level 7 in Shields
  5668 | D:5      | Found a stormy altar of Qazlal.
  5690 | D:5      | Reached XP level 8. HP: 58/71 MP: 7/7
  5862 | D:5      | Found a sacrificial altar of Ru.
  6027 | D:5      | Killed anet's ghost
  6435 | D:6      | Reached skill level 1 in Dodging
  6629 | D:6      | Found an opulent altar of Gozag.
  6683 | D:6      | Became a worshipper of Gozag Ym Sagoz the Greedy
  6797 | D:6      | Reached skill level 8 in Shields
  6863 | D:6      | Got Yperr's Introduction to Wizardry
  7375 | D:7      | Reached XP level 9. HP: 58/80 MP: 8/8
  7490 | D:7      | Reached skill level 9 in Shields
  8124 | D:7      | Found an iron altar of Okawaru.
  8439 | D:7      | Reached skill level 10 in Armour
  8559 | D:7      | Reached skill level 10 in Shields
  8587 | D:7      | Found Roir's Firing Range.
  8693 | D:7      | Noticed Menkaure
  8698 | D:7      | Killed Menkaure
  9127 | D:8      | Reached skill level 11 in Shields
  9415 | D:8      | Found a sparkling altar of Nemelex Xobeh.
 10081 | D:9      | Found a bloodstained altar of Trog.
 10124 | D:9      | Noticed a troll
 10132 | D:9      | Killed a troll
 10144 | D:9      | Reached XP level 10. HP: 40/90 MP: 9/9
 10436 | D:9      | Reached skill level 12 in Shields
 10487 | D:9      | Found a staircase to the Orcish Mines.
 10842 | D:9      | Noticed a cyclops
 10852 | D:9      | Killed a cyclops
 10949 | D:10     | Entered Level 10 of the Dungeon
 11070 | D:9      | Found a radiant altar of Vehumet.
 11138 | D:9      | Reached skill level 13 in Shields
 12146 | Orc:1    | Entered Level 1 of the Orcish Mines
 12159 | D:9      | HP: 3/88 [troll (8)]
 12159 | D:9      | Slain by a troll

Illustrated notes

Levels and vault maps discovered:
D:1:      dpeg_arrival_short_road, layout_basic,
          shapermc_ecumenical_altar_acropolis
D:2:      layout_rooms, grunt_ministairs_10, grunt_decor_mini_mirrors,
          uniq_jessica, uniq_natasha
D:3:      layout_basic, tso_altar, doesnt_xom_only_xom
D:4:      layout_basic, amcnicky_altar_gilded,
          mainiacjoe_overflow_cross_hatched, mainiacjoe_overflow_paths,
          minmay_temple_entry_sparse_star, hex_intersection, uniq_pikel
D:5:      layout_basic, grunt_qazlal_sundering, mainiacjoe_overflow_alcove_1,
          gammafunk_ghost_grave
D:6:      layout_basic, mainiacjoe_overflow_small_starburst
D:7:      layout_loops_ring, okawaru_humans, nicolae_shop_firing_range,
          uniq_menkaure
D:8:      layout_loops_cross, kennysheep_mini_moat,
          chequers_serial_rivers_small_b, supply_closet_lemuel
D:9:      layout_loops_ring, kennysheep_little_box,
          mainiacjoe_overflow_six_doors_small,
          kennysheep_orc_monster_closet_entryway
D:10:     layout_roguey, overflow_temple_1_default, dpeg_oklobed_lair
Temple:   dpeg_three_leaves_temple
Orc:1:    layout_caves, gammafunk_ghost_stat_death, uniq_nergalle, uniq_fannar

Skill      XL: |  1  2  3  4  5  6  7  8  9 10 |
---------------+-------------------------------+-----
Shields        | 4 5 6 7 8 11 13 | 13.5
Fighting       | 4 5 6 7 8 9 |  9.1
Armour         | 4 5 6 8 9 10 | 10.9
Dodging        | 1 2 3 |  3.5
Axes           | |  2.4

Action                   |  1- 3 |  4- 6 |  7- 9 | 10-12 || total
-------------------------+-------+-------+-------+-------++-------
Melee: War axe           |    47 |   131 |   295 |       ||   473
       Headbutt          |     3 |    22 |    75 |    44 ||   144
       Unarmed           |       |     7 |       |       ||     7
       Broad axe         |       |       |    53 |   142 ||   195
  Use: Potion            |     1 |       |     2 |       ||     3
       Scroll            |       |     1 |       |    19 ||    20
 Stab: Distracted        |       |       |     1 |       ||     1
Armor: Scale mail        |    23 |    63 |   155 |    28 ||   269
       Plate armour      |       |       |       |    11 ||    11
Dodge: Dodged            |    21 |    40 |   137 |    44 ||   242
Block: Kite shield       |    28 |    68 |    93 |       ||   189
       Tower shield      |       |       |   220 |   170 ||   390

Table legend: (Time is in decaauts)
 A = Elapsed time spent in this place.
 B = Non-inter-level travel time spent in this place.
 C = Inter-level travel time spent in this place.
 D = Time resting spent in this place.
 E = Time spent auto-exploring this place.
 F = Levels seen in this place.
 G = Mean time per level.
                   A        B        C        D        E       F      G
               +--------+--------+--------+--------+--------+-----+--------+
         Total |  12600 |  12129 |    471 |   2546 |   7545 |  12 | 1050.0 |
       Dungeon |  12505 |  12049 |    456 |   2546 |   7487 |  10 | 1250.5 |
        Temple |     80 |     65 |     15 |      0 |     58 |   1 |   80.0 |
  Orcish Mines |     14 |     14 |      0 |      0 |      0 |   1 |   14.0 |
               +--------+--------+--------+--------+--------+-----+--------+

Top non-repeatable levels by time:
     D:9: 2226 daAuts
     D:5: 1597 daAuts
     D:7: 1594 daAuts
     D:6: 1343 daAuts
     D:4: 1304 daAuts
     D:2: 1216 daAuts
     D:8: 1184 daAuts
     D:3: 1135 daAuts
     D:1: 901 daAuts
  Temple: 80 daAuts
   Orc:1: 14 daAuts
    D:10: 1 daAuts
